 Seeded DCSS version 0.31-a0-1-g4198be8af4 (webtiles) character file.

Game seed: 10842676151528699041 (custom seed)

155 bmack86 the Trooper (level 5, 0/47 HPs)
             Began as a Minotaur Fighter on May 1, 2023.
             Succumbed to a water moccasin's poison
             ... on level 5 of the Dungeon.
             The game lasted 00:04:28 (2026 turns).

bmack86 the Trooper (Minotaur Fighter)              Turns: 2026, Time: 00:04:29

Health: 0/47       AC:  7    Str: 23    XL:     5   Next: 14%
Magic:  4/4        EV:  9    Int:  5    God:
Gold:   221        SH:  4    Dex:  9    Spells: 4/4 levels left

rFire   . . .        a - +0 war axe
rCold   + . .        c - +0 buckler
rNeg    . . .        b - +0 scale mail
rPois   .            (helmet restricted)
rElec   .            (no cloak)
rCorr   .            (no gloves)
SInv    .            (no boots)
Will    +....        e - amulet of regeneration Stlth
                     l - ring of willpower
HPRegen 1.07/turn    p - ring of protection from cold
MPRegen 0.09/turn

%: no passive effects
@: lethally poisoned (0 -> -12)
A: horns 2, retaliatory headbutt
a: no special abilities


You were on level 5 of the Dungeon.
You visited 1 branch of the dungeon, and saw 4 of its levels.

You collected 221 gold pieces.

Inventory:

Hand Weapons
 a - a +0 war axe (weapon)
Missiles
 n - 3 boomerangs (quivered)
Armour
 b - a +0 scale mail (worn)
 c - a +0 buckler (worn)
Jewellery
 e - an amulet of regeneration (around neck)
 g - a ring of resist corrosion
 l - a ring of willpower (left hand)
 p - a ring of protection from cold (right hand)
Scrolls
 i - a scroll of fog
 m - 2 scrolls of poison {unknown}
Potions
 d - a potion of might
 f - a potion of resistance
 h - 2 potions of flight
 k - a potion of haste {unknown}


   Skills:
 + Level 4.4 Fighting
 * Level 4.3 Axes
 + Level 1.0 Throwing
 + Level 4.4 Armour
 + Level 4.4 Shields


You had 4 spell levels left.
You didn't know any spells.
Your spell library contained the following spells:

 Spells                   Type           Power      Damage    Failure   Level
 Summon Guardian Golem    Hex/Summ       0%         N/A       99%         3
 Orb of Destruction       Conj           0%         9d5       100%        7
 Spellforged Servitor     Conj/Summ      0%         N/A       100%        7


Dungeon Overview and Level Annotations

Branches:
Dungeon (5/15)
 Temple: D:4-7

Altars:
Fedhas
Kikubaaqudgha
Makhleb

Shops:
D:3 (


Innate Abilities, Weirdness & Mutations

You have a pair of horns on your head.
You reflexively headbutt those who attack you in melee.


Message History

You block the water moccasin's attack. The water moccasin bites you.
* * * LOW HITPOINT WARNING * * *
You feel better. The water moccasin bites you.
* * * LOW HITPOINT WARNING * * *
You are poisoned.
The water moccasin poisons you! The water moccasin bites you.
* * * LOW HITPOINT WARNING * * *
Unknown command.
You feel better. The water moccasin bites you.
You hit the water moccasin.
Your headbutt misses the water moccasin.
The water moccasin is severely wounded.
You block the water moccasin's attack. The water moccasin bites you.
You are poisoned.
The water moccasin poisons you!
You hit the water moccasin but do no damage.
The water moccasin is severely wounded.
You feel very sick. The water moccasin barely misses you.
The water moccasin misses you.
You miss the water moccasin.
Your headbutt misses the water moccasin.
The water moccasin is severely wounded.
You feel very sick. The water moccasin barely misses you.
You furiously retaliate!
You headbutt the water moccasin. You closely miss the water moccasin.
Your headbutt misses the water moccasin.
The water moccasin is severely wounded.
You feel sick.
You block the water moccasin's attack. x2
You closely miss the water moccasin.
The water moccasin is severely wounded.
You feel sick.
The water moccasin bites you but does no damage.
The water moccasin bites you!
* * * LOW HITPOINT WARNING * * *
You are lethally poisoned!
The water moccasin poisons you!
You closely miss the water moccasin. You headbutt the water moccasin.
The water moccasin is severely wounded.
You die...

#######....###.........##
#...⌠#.......+.......).'.
#...###....###.........##
#._......#.# ##.......##
#...######.# ###.....##
#...⌠# #.# #......##
###### #.# #.###'##
######.# #.♣...# #..S@..#
#.P...# #.###### #...♣.##
#.. #...♣..## #...
###.....# ## #....
##...####. #.....
##.##....
##.......#####.##.##.
..........[........
..#####.##.###


You could see a water moccasin.

Vanquished Creatures
  A phantom (D:3)
  An adder (D:2)
  2 shadow imps (D:5)
  An ufetubus (D:5)
  A worm (D:3)
  A dart slug (D:1)
  An orc (D:3)
  5 endoplasms
  A giant cockroach (D:1)
  3 goblins
  8 hobgoblins
  5 kobolds
  3 quokkas
  2 ball pythons
  4 bats (D:1)
  2 frilled lizards (D:2)
  3 rats
44 creatures vanquished.

Notes
Turn   | Place    | Note
-------+----------+-------------------------------------------
     0 | D:1      | bmack86 the Minotaur Fighter began the quest for the Orb.
     0 | D:1      | Reached XP level 1. HP: 19/19 MP: 0/0
   104 | D:1      | Reached XP level 2. HP: 27/27 MP: 1/1
   431 | D:1      | Found a faded altar of an unknown god.
   761 | D:2      | Reached XP level 3. HP: 33/33 MP: 2/2
  1343 | D:3      | Found an ancient bone altar of Kikubaaqudgha.
  1534 | D:3      | Found a burning altar of Makhleb.
  1534 | D:3      | Noticed a phantom
  1547 | D:3      | Killed a phantom
  1548 | D:3      | Reached skill level 1 in Throwing
  1548 | D:3      | Reached XP level 4. HP: 36/41 MP: 3/3
  1798 | D:3      | Found Fonu's Weapon Boutique.
  1812 | D:3      | You fall into a shaft and drop 2 floors!
  1812 | D:5      | Entered Level 5 of the Dungeon
  1819 | D:5      | Reached XP level 5. HP: 47/47 MP: 4/4
  1980 | D:5      | Found a blossoming altar of Fedhas.
  2004 | D:5      | Noticed a water moccasin
  2026 | D:5      | Succumbed to a water moccasin's poison

Illustrated notes

Levels and vault maps discovered:
D:1:      minmay_arrival_loop, layout_loops_ring,
          shapermc_ecumenical_altar_petra
D:2:      layout_basic
D:3:      layout_basic, nicolae_kikubaaqudgha_miasma_corner,
          overflow_temple_1_default, serial_shops, nicolae_shop_behind_doors
D:5:      layout_loops_corners, mainiacjoe_overflow_alcove_2, serial_demonic,
          serial_demonic_d, serial_demonic_b, serial_demonic_b,
          serial_demonic_c, uniq_blork_the_orc, uniq_grinder

Skill      XL: |  1  2  3 |
---------------+----------+-----
Axes           | 3 4 |  4.3
Fighting       | 4 |  4.4
Shields        | 4 |  4.4
Armour         | 4 |  4.4
Throwing       | 1 |  1.0

Action                     |  1- 3 |  4- 6 || total
---------------------------+-------+-------++-------
  Melee: War axe           |    79 |    29 ||   108
         Headbutt          |     6 |     4 ||    10
    Use: Scroll            |     5 |     2 ||     7
         Potion            |       |     2 ||     2
 Armour: Scale mail        |    30 |    14 ||    44
  Dodge: Dodged            |    40 |    13 ||    53
  Block: Buckler           |    20 |    11 ||    31

Table legend: (Time is in decaauts)
 A = Elapsed time spent in this place.
 B = Non-inter-level travel time spent in this place.
 C = Inter-level travel time spent in this place.
 D = Time resting spent in this place.
 E = Time spent auto-exploring this place.
 F = Levels seen in this place.
 G = Mean time per level.
                   A        B        C        D        E       F      G
               +--------+--------+--------+--------+--------+-----+--------+
         Total |   2061 |   2027 |     34 |      0 |   1432 |   4 |  515.2 |
       Dungeon |   2061 |   2027 |     34 |      0 |   1432 |   4 |  515.2 |
               +--------+--------+--------+--------+--------+-----+--------+

Top non-repeatable levels by time:
     D:1: 705 daAuts
     D:2: 582 daAuts
     D:3: 553 daAuts
     D:5: 221 daAuts
